[Event "Team 45 45 League T51"]
[Site "Internet Chess Club"]
[Date "2011.12.11"]
[Round "5"]
[White "iceface"]
[Black "MichaelJames"]
[Result "1-0"]
[WhiteElo "1523"]
[BlackElo "1319"]
[Opening "Giuoco Piano"]
[ECO "C50"]
[Time "19:00:20"]
[TimeControl "2700+45"]

1. e4 e5 2. Nf3 Nc6 3. Bc4 Bc5 4. Nc3 d6 5. d3 Bg4 6. h3 Bxf3 7. Qxf3 Qf6 8.
Qxf6 Nxf6 9. Be3 Nd4 10. Rc1 c6 11. a3 b5 12. Ba2 a5 13. Ne2 O-O 14. Nxd4 exd4
15. Bg5 b4 16. axb4 axb4 17. Bb3 Ra7 18. Bxf6 gxf6 19. h4 Rfa8 20. Ke2 Bb6 21.
h5 c5 22. h6 Re7 23. Kf3 Re5 24. Kf4 Kf8 25. Rh3 Ke7 26. Rg3 Rg5 27. Rh1 Bc7 28.
Bd5 Rag8 29. Rhh3 Rxg3 30. Rxg3 Rxg3 31. Kxg3 f5 32. exf5 Kf6 33. Kg4 Bd8 34.
Be4 Ke5 35. f4+ Kf6 36. Kh5 Be7 37. g4 Bf8 38. g5+ Ke7 39. g6 fxg6+ 40. fxg6
hxg6+ 41. Kxg6 Bxh6 42. Kxh6 Kf6 43. Kh5 Ke6 44. Kg6 d5 45. Bf3 c4 46. dxc4 dxc4
47. Be4 d3 48. cxd3 c3 49. bxc3 bxc3 50. d4 Ke7 51. f5 Kf8 52. Kf6 Ke8 53. Kg7
Ke7 54. f6+ {Black resigns} 1-0

[Event "Team 45 45 League T51"]
[Site "Internet Chess Club"]
[Date "2011.12.11"]
[Round "5"]
[White "Conjurer"]
[Black "Joeohio"]
[Result "1-0"]
[WhiteElo "1407"]
[BlackElo "1463"]
[Opening "English: Sicilian reversed"]
[ECO "A25"]
[Time "13:03:48"]
[TimeControl "2700+45"]

1. c4 e5 2. Nc3 Nc6 3. g3 f5 4. Bg2 Bc5 5. e3 d6 6. Nge2 Nf6 7. O-O O-O 8. d4
Bb6 9. a3 a5 10. Qd3 e4 11. Qc2 Qe8 12. Nf4 g5 13. Nfd5 Nd8 14. f3 exf3 15. Bxf3
Be6 16. Nxb6 cxb6 17. Nb5 Rc8 18. Nxd6 Qg6 19. Nxc8 Bxc8 20. Bd5+ Nxd5 21. cxd5
Nf7 22. Bd2 h5 23. Rae1 h4 24. g4 Nh6 25. h3 Re8 26. b4 a4 27. b5 Bd7 28. Qxa4
fxg4 29. Re2 gxh3 30. Qb3 Qe4 31. d6+ Be6 32. Qb1 Qg4+ 33. Kh1 Qxe2 34. Qg6+ Kh8
35. Qxh6+ Kg8 36. Qxg5+ Kh8 37. Qf6+ Kh7 38. Qxh4+ Kg6 39. Rf6+ Kg7 40. Qg5+ Kh8
41. Rh6# {Black checkmated} 1-0

[Event "Team 45 45 League T51"]
[Site "Internet Chess Club"]
[Date "2011.12.09"]
[Round "5"]
[White "otib2006"]
[Black "papricka205"]
[Result "1-0"]
[WhiteElo "1266"]
[BlackElo "1439"]
[Opening "Two knights defense"]
[ECO "C55"]
[Time "18:15:02"]
[TimeControl "2700+45"]

1. e4 e5 2. Bc4 Nf6 3. Nf3 Nc6 4. O-O Nxe4 5. d4 d5 6. Bb5 a6 7. Bxc6+ bxc6 8.
Nxe5 Qd6 9. Qf3 f6 10. Nd3 Be7 11. Bf4 Qd7 12. Qh5+ Kd8 13. Nd2 Qf5 14. Qxf5
Bxf5 15. Nxe4 Bxe4 16. Rad1 g5 17. Be3 Bd6 18. f3 Bf5 19. Rc1 Bxd3 20. cxd3 Kd7
21. a3 Rhe8 22. Bd2 Re2 23. Rf2 Rxf2 24. Kxf2 Rb8 25. b4 Re8 26. g3 h6 27. f4 f5
28. fxg5 hxg5 29. Bxg5 Be7 30. Bxe7 Rxe7 31. Re1 Rh7 32. Kg2 Re7 33. Rxe7+ Kxe7
34. Kf3 Kf6 35. Kf4 c5 36. dxc5 d4 37. h4 c6 38. h5 Kg7 39. Kxf5 Kh6 40. g4 Kg7
41. g5 Kh7 42. h6 Kg8 43. Ke5 Kh7 44. Kxd4 Kg6 45. Ke5 Kh7 46. Kd6 Kg6 47. Kxc6
Kh7 48. Kb6 Kg6 49. Kxa6 Kh7 50. c6 Kg6 51. c7 Kh7 52. c8=Q Kg6 53. Qg8+ Kf5 54.
h7 Kg4 55. h8=Q Kg3 56. Qb8+ Kf3 57. Qh3+ Ke2 58. Qbh2+ Kd1 59. Qf1# {Black
checkmated} 1-0

[Event "Team 45 45 League T51"]
[Site "Internet Chess Club"]
[Date "2011.12.10"]
[Round "5"]
[White "WzeroMN"]
[Black "Goldenberg"]
[Result "1-0"]
[WhiteElo "1111"]
[BlackElo "1386"]
[Opening "Sicilian: Hungarian variation"]
[ECO "B27"]
[Time "16:00:28"]
[TimeControl "2700+45"]

1. e4 c5 2. Nf3 g6 3. b3 Bg7 4. Nc3 Nc6 5. Bb2 b5 6. Rb1 b4 7. Ne2 Bxb2 8. Rxb2
Nf6 9. d3 O-O 10. c3 a5 11. cxb4 axb4 12. d4 Nxe4 13. dxc5 Nxc5 14. Ned4 Bb7 15.
Bb5 Qc7 16. O-O Ba6 17. Bxa6 Rxa6 18. Nxc6 Qxc6 19. Ne5 Qc7 20. Re1 d6 21. Nd3
Rfa8 22. Nxb4 R6a7 23. Rc2 Qb7 24. Qd2 Rb8 25. Nd5 Rba8 26. Rxe7 Qa6 27. Nc7 Qc6
28. Nd5 Kf8 29. Rxa7 Rxa7 30. Nb4 Qd7 31. Qd5 Qe7 32. Qd1 Ra8 33. Kf1 Na6 34.
Nxa6 Rxa6 35. Qe2 Qxe2+ 36. Rxe2 d5 37. Rd2 Rd6 38. Ke2 Ke7 39. Kd3 Kd7 40. Kd4
Kc6 41. Rc2+ Kd7 42. a4 f6 43. Rc5 Ke6 44. b4 f5 45. b5 g5 46. Rc6 h5 47. Rxd6+
Kxd6 48. a5 f4 49. a6 Kc7 50. Kxd5 Kb6 {Black resigns} 1-0

[Event "Team 45 45 League T51"]
[Site "Internet Chess Club"]
[Date "2011.12.11"]
[Round "5"]
[White "joshq03"]
[Black "CoasterBrake"]
[Result "1-0"]
[WhiteElo "1459"]
[BlackElo "1102"]
[Opening "Caro-Kann: advance variation"]
[ECO "B12"]
[Time "14:01:05"]
[TimeControl "2700+45"]

1. e4 c6 2. d4 d5 3. e5 Bf5 4. Nc3 Nd7 5. Be2 e6 6. f4 c5 7. Nf3 Be7 8. O-O cxd4
9. Nxd4 Bc5 10. Be3 Ne7 11. a3 Qb6 12. b4 Bxd4 13. Bxd4 Qc6 14. Bb5 Qc7 15. Bd3
Bxd3 16. Qxd3 Qc4 17. Nb5 Qxd3 18. cxd3 Rc8 19. Nd6+ Kf8 20. Nxc8 Nxc8 21. Rac1
Ke7 22. Rc7 b6 23. Rfc1 Nd6 24. exd6+ Kxd6 25. R1c6+ Ke7 26. Bxg7 Rg8 27. Be5
Rg4 28. Rd6 Kd8 29. Rdxd7+ {Black resigns} 1-0

[Event "Team 45 45 League T51"]
[Site "Internet Chess Club"]
[Date "2011.12.09"]
[Round "5"]
[White "chicopee-ed"]
[Black "PsyMar"]
[Result "0-1"]
[WhiteElo "1369"]
[BlackElo "1429"]
[Opening "King's Indian: East Indian defense"]
[ECO "A48"]
[Time "11:00:08"]
[TimeControl "2700+45"]

1. d4 Nf6 2. Nf3 g6 3. Nbd2 Bg7 4. e4 d6 5. d5 c6 6. c4 cxd5 7. cxd5 Qa5 8. Bd3
e6 9. dxe6 fxe6 10. a3 O-O 11. O-O Nc6 12. Nc4 Qc7 13. Re1 d5 14. exd5 exd5 15.
Ne3 b6 16. Rb1 Bb7 17. Bd2 Qd6 18. Qb3 Kh8 19. Nf1 Rae8 20. Rxe8 Rxe8 21. Re1
Rxe1 22. Bxe1 Ne5 23. Bc2 d4 24. Bb4 Nxf3+ 25. gxf3 Qe5 26. Qf7 Bd5 27. Bd6 Qxd6
28. Qe8+ Nxe8 {White resigns} 0-1

[Event "Team 45 45 League T51"]
[Site "Internet Chess Club"]
[Date "2011.12.12"]
[Round "5"]
[White "Skylab"]
[Black "Check101"]
[Result "1/2-1/2"]
[WhiteElo "1354"]
[BlackElo "1291"]
[Opening "King's Indian: fianchetto without c4"]
[ECO "A49"]
[Time "19:08:50"]
[TimeControl "2700+45"]

1. Nf3 Nf6 2. d4 g6 3. g3 Bg7 4. Bg2 O-O 5. O-O d6 6. c4 c5 7. dxc5 dxc5 8. Qxd8
Rxd8 9. Nc3 Nc6 10. Bg5 e5 11. Ne4 Nxe4 12. Bxd8 Nxd8 13. Rad1 Be6 14. b3 Nc6
15. Nd2 Nc3 16. Ra1 e4 17. Rae1 Nxa2 18. Nxe4 Nab4 19. Nxc5 Bc3 20. Rc1 Nd4 21.
Nxe6 Nxe2+ 22. Kh1 Nxc1 23. Rxc1 Na2 24. Nc7 Rd8 25. Rf1 Be5 26. Nd5 b5 27. h3
Kf8 28. f4 Bg7 29. Rf2 Nc3 30. Nxc3 Bxc3 31. Kh2 Bd4 32. Rc2 bxc4 33. bxc4 a5
34. Bc6 Bc5 35. Bb5 Bb4 36. h4 h5 37. Kh3 Ra8 38. Ra2 Rd8 39. Kg2 Rd2+ 40. Rxd2
Bxd2 41. Kf3 Ke7 42. Ke4 Ke6 43. c5 f5+ 44. Kf3 Bb4 45. c6 Bd6 46. Ke3 Kd5 47.
Kd3 Kc5 48. Ba4 Kb4 49. Bc2 a4 50. Kd4 a3 51. Bb1 Kb5 52. Kd5 Bf8 53. Ba2 Bb4
54. Ke6 Kxc6 55. Kf6 Be1 56. Kxg6 Bxg3 57. Kxh5 Bxf4 58. Kg6 Bg3 59. Kxf5 Bxh4
60. Ke4 {Game drawn by mutual agreement} 1/2-1/2

[Event "Team 45 45 League T51"]
[Site "Internet Chess Club"]
[Date "2011.12.13"]
[Round "5"]
[White "Aquaman"]
[Black "tcianciola"]
[Result "1-0"]
[WhiteElo "1248"]
[BlackElo "1109"]
[Opening "Réti opening"]
[ECO "A04"]
[Time "16:00:12"]
[TimeControl "2700+45"]

1. Nf3 e6 2. g3 d5 3. Bg2 Nf6 4. d3 c5 5. O-O Nc6 6. Nbd2 Bd6 7. Re1 O-O 8. e4
d4 9. e5 Nxe5 10. Nxe5 Qc7 11. Nef3 b6 12. Nc4 Be7 13. Bf4 Qd7 14. Nfe5 Qd8 15.
Bxa8 Nd5 16. Bxd5 Qxd5 17. Qf3 Qd8 18. Qd1 Bb7 19. Nd2 f6 20. Nef3 e5 21. Nxe5
fxe5 22. Bxe5 Qd5 23. Re4 Qe6 24. Qg4 Qh6 25. Bf4 {Black resigns} 1-0

[Event "Team 45 45 League T51"]
[Site "Internet Chess Club"]
[Date "2011.12.11"]
[Round "5"]
[White "sere"]
[Black "Docvan"]
[Result "1/2-1/2"]
[WhiteElo "1261"]
[BlackElo "1197"]
[Opening "French: Winawer, advance variation"]
[ECO "C16"]
[Time "06:00:07"]
[TimeControl "2700+45"]

1. e4 e6 2. d4 d5 3. Nc3 Bb4 4. e5 Ne7 5. Qg4 Nf5 6. Bd3 h5 7. Qf3 Nxd4 8. Qd1
Nd7 9. Nf3 Nxf3+ 10. Qxf3 Nxe5 11. Qe2 Qf6 12. Bd2 Nxd3+ 13. Qxd3 Qe5+ 14. Qe2
Qxe2+ 15. Nxe2 Bxd2+ 16. Kxd2 c5 17. Rhe1 b6 18. Nc3 Bd7 19. Nxd5 Rc8 20. Rad1
Bc6 21. Kc3 Bxd5 22. Rxd5 O-O 23. Rxh5 g6 24. Rg5 Kg7 25. Re3 Rh8 26. h3 b5 27.
Ree5 b4+ 28. Kc4 Rcd8 29. Re2 Rh4+ 30. Kxc5 Rc8+ 31. Kb5 Rb8+ 32. Ka4 b3+ 33.
Ka3 Rb6 34. Rg4 Rh5 35. Rb4 bxa2 36. Re1 Ra5+ 37. Ra4 Rxa4+ 38. Kxa4 Ra6+ 39.
Kb5 Rb6+ 40. Ka5 Rxb2 41. Ra1 Rxc2 42. Kb4 Rb2+ 43. Ka3 Rb1 44. Rxa2 Rb6 45. Rc2
Ra6+ 46. Kb4 Rb6+ 47. Ka5 f5 48. Rc7+ Kf6 49. f3 Rb2 50. g4 Ra2+ 51. Kb4 a5+ 52.
Kb3 Ra1 53. gxf5 Rb1+ 54. Ka2 Rf1 55. fxe6 Rf2+ 56. Ka3 Rxf3+ 57. Ka4 Re3 58.
Kxa5 Rxe6 59. Rc2 Re5+ 60. Kb4 Re4+ 61. Kc5 Re5+ 62. Kb4 Rh5 63. Rh2 Rh4+ 64.
Kc3 g5 65. Kd3 g4 66. Ke3 g3 67. Rh1 Kf5 68. Kf3 Rf4+ 69. Kxg3 Kg5 70. h4+ Kf5
71. h5 Rg4+ 72. Kf3 Rf4+ 73. Ke3 Kg5 74. h6 Rf8 75. h7 Rh8 {Game drawn by mutual
agreement} 1/2-1/2

[Event "Team 45 45 League T51"]
[Site "Internet Chess Club"]
[Date "2011.12.11"]
[Round "5"]
[White "kingsrook"]
[Black "jjaillet2007"]
[Result "0-1"]
[WhiteElo "1304"]
[BlackElo "1342"]
[Opening "Queen's pawn game"]
[ECO "D02"]
[Time "21:00:06"]
[TimeControl "2700+45"]

1. d4 d5 2. Nf3 e6 3. e3 c5 4. c3 Nc6 5. Bd3 Nf6 6. Nbd2 Bd6 7. O-O O-O 8. Re1
Re8 9. dxc5 Bxc5 10. b4 Bd6 11. Bb2 e5 12. e4 Bg4 13. b5 Ne7 14. h3 Bxf3 15.
Qxf3 dxe4 16. Nxe4 Ng6 17. Nxf6+ Qxf6 18. Qxf6 gxf6 19. c4 a6 20. a4 axb5 21.
cxb5 b6 22. Be4 Ra7 23. Rec1 Bc5 24. Rd1 Nf4 25. Ba3 Ne2+ 26. Kf1 Nc3 27. Re1
Rxa4 28. Bc6 Rd8 29. Bxc5 Rxa1 30. Rxa1 bxc5 31. Rc1 Na4 32. Ke1 Kf8 33. Ke2 Ke7
34. f3 f5 35. g3 h5 36. h4 Rg8 37. Kf2 f4 38. gxf4 exf4 39. Re1+ Kd6 40. Re4 Nb2
41. Re2 Nd3+ 42. Kf1 Ne5 43. Rd2+ Kc7 44. Kf2 Nxc6 45. bxc6 Kxc6 46. Rc2 Rd8 47.
Rc4 Rd4 48. Rc1 Rd2+ 49. Kg1 Kd5 50. Re1 c4 51. Re7 Kd4 52. Rd7+ Ke3 53. Rxf7 c3
54. Re7+ Kxf3 55. Rg7 c2 56. Rc7 Rd1+ 57. Kh2 c1=Q 58. Rxc1 Rxc1 {White resigns}
0-1

[Event "Team 45 45 League T51"]
[Site "Internet Chess Club"]
[Date "2011.12.10"]
[Round "5"]
[White "BosqueVerde"]
[Black "KidRattler"]
[Result "0-1"]
[WhiteElo "1246"]
[BlackElo "1314"]
[Opening "QGD: 4.Bg5 Be7"]
[ECO "D53"]
[Time "13:31:05"]
[TimeControl "2700+45"]

1. d4 d5 2. c4 e6 3. Nc3 Nf6 4. Bg5 Be7 5. Nf3 Nc6 6. a3 Ne4 7. Bf4 Nxc3 8. bxc3
dxc4 9. e4 b5 10. Be2 O-O 11. O-O Na5 12. a4 a6 13. axb5 axb5 14. Qb1 Bd7 15.
Ne5 Bf6 16. Nxd7 Qxd7 17. e5 Be7 18. Bf3 c6 19. Be4 g6 20. Ra2 Nb3 21. Bc2 Qd5
22. Qb2 b4 23. Rb1 Rxa2 24. Qxa2 bxc3 25. Bxb3 cxb3 26. Rxb3 Qxd4 27. Bh6 Qd1#
{White checkmated} 0-1

[Event "Team 45 45 League T51"]
[Site "Internet Chess Club"]
[Date "2011.12.12"]
[Round "5"]
[White "kjs110"]
[Black "WannaB"]
[Result "0-1"]
[WhiteElo "994"]
[BlackElo "1118"]
[Opening "Sicilian: Hungarian variation"]
[ECO "B27"]
[Time "16:59:56"]
[TimeControl "2700+45"]

1. e4 c5 2. Nf3 g6 3. Bc4 e6 4. O-O Bg7 5. d4 d6 6. c3 Nf6 7. e5 Ne4 8. Bd3 d5
9. Nbd2 O-O 10. Nxe4 dxe4 11. Bxe4 cxd4 12. cxd4 a6 13. Bg5 f6 14. exf6 Bxf6 15.
Rc1 Bxg5 16. Nxg5 Qxg5 17. Rc7 Nc6 18. Bxc6 bxc6 19. Qc2 e5 20. Qxc6 Bh3 21.
Qd5+ Kh8 22. Qxe5+ Qxe5 23. dxe5 Be6 24. Rd1 Bxa2 25. Rdd7 Rf7 26. Rxf7 Bxf7 27.
Rxf7 Kg8 28. Rf4 a5 29. g3 Rf8 30. Re4 Re8 31. b3 Kf7 32. f4 Ke6 33. h4 Ra8 34.
h5 Kf5 35. Re3 gxh5 36. e6 Re8 37. Re5+ Kf6 38. f5 Kxe5 39. f6 Kxf6 {White
resigns} 0-1

[Event "Team 45 45 League T51"]
[Site "Internet Chess Club"]
[Date "2011.12.09"]
[Round "5"]
[White "pauliewoll"]
[Black "LazyPeon"]
[Result "0-1"]
[WhiteElo "1638"]
[BlackElo "1796"]
[Opening "Four knights: Rubinstein counter-gambit"]
[ECO "C48"]
[Time "13:30:14"]
[TimeControl "2700+45"]

1. e4 e5 2. Nf3 Nc6 3. Nc3 Nf6 4. Bb5 Nd4 5. Ba4 Bc5 6. Nxe5 Qe7 7. Nd3 Nxe4 8.
O-O Nxc3 9. bxc3 Ne6 10. Nxc5 Qxc5 11. Qf3 O-O 12. d4 Nxd4 13. cxd4 Qxd4 14. Bb3
Qxa1 15. Ba3 Qf6 16. Qxf6 gxf6 17. Re1 d6 18. Re3 Bf5 19. Rg3+ Bg6 20. h4 Kh8
21. Bb2 h5 22. Bxf6+ Kh7 23. Bd5 c6 24. Bf3 Rg8 25. Rg5 Kh6 26. g4 Rae8 27. Kh2
hxg4 28. Bxg4 Bxc2 29. Rh5+ Kg6 30. Bc3 f6 31. f4 Rh8 {White resigns} 0-1

[Event "Team 45 45 League T51"]
[Site "Internet Chess Club"]
[Date "2011.12.09"]
[Round "5"]
[White "ticopatzer"]
[Black "Buford-Julep"]
[Result "1-0"]
[WhiteElo "1694"]
[BlackElo "1681"]
[Opening "French: advance, Nimzovich system"]
[ECO "C02"]
[Time "16:02:10"]
[TimeControl "2700+45"]

1. e4 e6 2. d4 d5 3. e5 c5 4. Nf3 Nc6 5. Bb5 Bd7 6. O-O Nxe5 7. dxe5 Bxb5 8. Re1
Ne7 9. Bg5 h6 10. Bh4 Qc7 11. Nc3 Bd7 12. Bg3 Nf5 13. Nxd5 exd5 14. e6 Nxg3 15.
exd7+ Kxd7 16. Qxd5+ Bd6 17. hxg3 f6 18. Qf7+ Kc6 19. Qc4 b5 20. Nd4+ Kb7 21.
Nxb5 Qc6 22. Re6 a6 {Black resigns} 1-0

[Event "Team 45 45 League T51"]
[Site "Internet Chess Club"]
[Date "2011.12.13"]
[Round "5"]
[White "SirIvanhoe"]
[Black "vigneshv"]
[Result "1-0"]
[WhiteElo "1495"]
[BlackElo "1592"]
[Opening "French: King's Indian attack"]
[ECO "C00"]
[Time "19:00:12"]
[TimeControl "2700+45"]

1. e4 e6 2. d3 d5 3. Nd2 c5 4. Ngf3 Nc6 5. g3 g6 6. Bg2 Bg7 7. O-O Nge7 8. Re1
b6 9. c3 a5 10. Nf1 Bb7 11. e5 Qc7 12. d4 cxd4 13. cxd4 Nb4 14. Bf4 Nc2 15. Rc1
Rc8 16. Re2 Ne3 17. Bxe3 Qb8 18. Rxc8+ Bxc8 19. Qc1 O-O 20. Bh6 Ba6 21. Rc2 Bxf1
22. Bxf1 Rc8 23. Rxc8+ Qxc8 24. Qxc8+ Nxc8 25. Bxg7 Kxg7 26. a3 Ne7 27. Bb5 Ng8
28. b4 axb4 29. axb4 Nh6 30. h3 f5 31. Ng5 Kf8 32. Nxe6+ Ke7 33. Nc7 Nf7 34.
Nxd5+ Kd8 35. Nxb6 Kc7 36. Nd5+ Kb7 37. e6 Nd6 38. e7 h5 39. e8=Q Nxe8 40. Bxe8
h4 41. Bxg6 f4 42. Nxf4 hxg3 43. fxg3 Kc6 44. h4 Kc7 45. h5 Kc6 46. h6 Kd7 47.
h7 Ke7 48. h8=Q Kd7 49. Qf6 Kc7 50. Qe6 Kb8 51. Qd7 Ka8 52. Kf2 Kb8 53. Ke3 Ka8
54. Ke4 Kb8 55. Kd5 Ka8 56. Kc6 Kb8 57. Qb7# {Black checkmated} 1-0

[Event "Team 45 45 League T51"]
[Site "Internet Chess Club"]
[Date "2011.12.08"]
[Round "5"]
[White "realchess"]
[Black "CKNIGHT3"]
[Result "0-1"]
[WhiteElo "1793"]
[BlackElo "1563"]
[Opening "Sicilian: Smith-Morra gambit"]
[ECO "B21"]
[Time "22:00:08"]
[TimeControl "2700+45"]

1. e4 c5 2. d4 cxd4 3. c3 d3 4. Bxd3 Nc6 5. Nf3 e5 6. O-O Nf6 7. Bg5 Be7 8. Nbd2
d5 9. Bxf6 Bxf6 10. exd5 Qxd5 11. Ne4 Qd8 12. Bb5 O-O 13. Qxd8 Rxd8 14. Nxf6+
gxf6 15. h3 Bf5 16. g4 Be6 17. b3 Bd5 18. Nh4 a6 19. Bxc6 Bxc6 20. Rfd1 Be4 21.
Kf1 Kg7 22. f3 Bd3+ 23. Ke1 Kh6 24. Rd2 Bb5 25. Rad1 Rxd2 26. Rxd2 Kg5 27. Nf5
Bc6 28. Ne7 Bxf3 29. Kf2 Be4 30. Kg3 Re8 31. h4+ Kh6 32. Rd7 b5 33. Nf5+ Bxf5
34. gxf5 Kg7 35. Kf3 Rc8 36. Rd3 Rc6 37. Ke4 Kf8 38. Rg3 Rd6 39. c4 Rd4+ 40. Ke3
bxc4 41. bxc4 Rxc4 42. h5 Rc3+ 43. Kf2 Rxg3 44. Kxg3 Kg7 45. Kg4 Kh6 46. a3 e4
47. a4 e3 48. Kf3 Kxh5 49. Kxe3 Kg5 50. Kd4 h5 51. Kc5 h4 52. Kb6 h3 {White
resigns} 0-1

[Event "Team 45 45 League T51"]
[Site "Internet Chess Club"]
[Date "2011.12.12"]
[Round "5"]
[White "room-matt"]
[Black "Ivio"]
[Result "0-1"]
[WhiteElo "1713"]
[BlackElo "1721"]
[Opening "Richter-Veresov attack"]
[ECO "D01"]
[Time "13:31:38"]
[TimeControl "2700+45"]

1. d4 d5 2. Nc3 Nf6 3. Bg5 h6 4. Bh4 Bf5 5. e3 e6 6. h3 Be7 7. Nf3 Nbd7 8. g4
Be4 9. Bd3 Bxd3 10. Qxd3 c5 11. O-O-O c4 12. Qe2 b5 13. Nb1 Qa5 14. a3 b4 15.
axb4 Qxb4 16. c3 Qb5 17. g5 hxg5 18. Bxg5 Rb8 19. Rdg1 Nb6 20. Bxf6 Bxf6 21. Na3
Qb3 22. Nd2 Qa2 23. Qd1 Nd7 24. Qc2 Be7 25. Nab1 g6 26. f4 Nb6 27. Na3 Bxa3 28.
bxa3 Qxa3+ 29. Qb2 Qxb2+ 30. Kxb2 Na4+ 31. Kc2 Rb2+ 32. Kc1 Ra2 33. Nb1 Ke7 34.
Re1 Rb8 35. e4 Rbb2 36. exd5 Ra1 {White resigns} 0-1

[Event "Team 45 45 League T51"]
[Site "Internet Chess Club"]
[Date "2011.12.11"]
[Round "5"]
[White "Salvatore"]
[Black "gandre"]
[Result "0-1"]
[WhiteElo "1518"]
[BlackElo "1685"]
[Opening "Richter-Veresov attack"]
[ECO "D01"]
[Time "18:13:30"]
[TimeControl "2700+45"]

1. d4 d5 2. Nc3 Nf6 3. Bg5 Nbd7 4. Nf3 h6 5. Bh4 e6 6. e4 g5 7. Bg3 Nxe4 8. Nxe4
dxe4 9. Nd2 Nf6 10. Be5 Bg7 11. Nxe4 O-O 12. Qf3 Nxe4 13. Bxg7 Kxg7 14. Qxe4 Qd5
15. Qxd5 exd5 16. O-O-O Bf5 17. f3 Rae8 18. g4 Bg6 19. h4 Re3 20. h5 Bh7 21. Rh3
f5 22. f4 Rxh3 23. Bxh3 fxg4 24. Bxg4 Rxf4 25. Bc8 b6 26. Bb7 Be4 27. Ba6 Bf3
28. Rd2 Bxh5 29. c3 Bf3 30. Kc2 g4 31. Kb3 g3 32. Bf1 Kf6 33. Ka3 Kg5 34. Bg2
Kg4 35. c4 Bxg2 36. Rxg2 Rxd4 {White resigns} 0-1

[Event "Team 45 45 League T51"]
[Site "Internet Chess Club"]
[Date "2011.12.13"]
[Round "5"]
[White "chrisgianno"]
[Black "krysto"]
[Result "0-1"]
[WhiteElo "1554"]
[BlackElo "1609"]
[Opening "QGD: 4.Nf3"]
[ECO "D37"]
[Time "13:48:06"]
[TimeControl "2700+45"]

1. d4 e6 2. c4 d5 3. Nc3 Nf6 4. Nf3 Be7 5. h3 O-O 6. g4 Nbd7 7. g5 Ne4 8. h4 Bb4
9. Qc2 c6 10. Bf4 Qa5 11. Rc1 Qxa2 12. e3 Bxc3+ 13. bxc3 Qxc2 14. Rxc2 Rd8 15.
Bc7 Re8 16. Bd3 b6 17. Nh2 Ba6 18. Nf1 Rac8 19. Bh2 e5 20. f4 exf4 21. Bxf4 Bxc4
22. Bxc4 dxc4 23. h5 Nf8 24. Nh2 Ne6 25. Be5 N6xg5 26. Rg1 h6 27. Ng4 Nf3+ 28.
Kf1 Nxg1 29. Kxg1 Ng5 30. Rg2 Kh7 31. Nf2 Nf3+ 32. Kf1 Nxe5 33. dxe5 Rxe5 34.
Rg4 Rxe3 35. Rxc4 c5 36. Ra4 Rxc3 37. Rxa7 Kg8 38. Rb7 Rb3 39. Ne4 Rd8 40. Kg2
Rb2+ 41. Kf3 Rd3+ 42. Kf4 Rd5 43. Rb8+ Kh7 44. Nc3 Rxh5 45. Rf8 f6 46. Rd8 b5
47. Rc8 b4 48. Na4 Ra2 49. Nxc5 Rxc5 50. Rxc5 b3 51. Rb5 b2 52. Kf5 Ra5 {White
resigns} 0-1

[Event "Team 45 45 League T51"]
[Site "Internet Chess Club"]
[Date "2011.12.13"]
[Round "5"]
[White "milesotoole"]
[Black "beitmery"]
[Result "1-0"]
[WhiteElo "1517"]
[BlackElo "1601"]
[Opening "Blackmar gambit"]
[ECO "B01"]
[Time "11:13:39"]
[TimeControl "2700+45"]

1. e4 d5 2. d4 dxe4 3. Nc3 Nf6 4. f3 exf3 5. Nxf3 Bg4 6. h3 Bh5 7. g4 Bg6 8. Ne5
Qd6 9. Qf3 Qxd4 10. Nxg6 hxg6 11. Qxb7 Qe5+ 12. Ne2 Qd5 13. Qc8+ Qd8 14. Qb7 Qd5
15. Qc8+ Qd8 16. Qb7 Nbd7 17. Bg2 Nb6 18. Bc6+ Nfd7 19. Bf4 Rc8 20. O-O-O e6
{Black resigns} 1-0

[Event "Team 45 45 League T51"]
[Site "Internet Chess Club"]
[Date "2011.12.09"]
[Round "5"]
[White "Cicero"]
[Black "MateIn42"]
[Result "0-1"]
[WhiteElo "1313"]
[BlackElo "1382"]
[Opening "Vienna gambit"]
[ECO "C29"]
[Time "21:08:56"]
[TimeControl "2700+45"]

1. e4 e5 2. Nc3 Nf6 3. f4 d5 4. fxe5 Nxe4 5. Nf3 Bc5 6. d4 Nxc3 7. bxc3 Be7 8.
Bd3 Bg4 9. O-O c5 10. Be2 Nc6 11. Be3 c4 12. Nd2 Bxe2 13. Qxe2 O-O 14. Rf3 Qa5
15. Raf1 Qxc3 16. Qf2 Qxc2 17. Qg3 Qg6 18. Qf2 Rac8 19. Rg3 Bh4 20. Qf3 Bxg3 21.
hxg3 Ne7 22. Nb1 Qe4 23. Qf2 f6 24. Nc3 Qd3 25. Nb5 fxe5 26. Qe1 Rxf1+ 27. Qxf1
Qxf1+ 28. Kxf1 Nf5 29. Bf2 c3 30. Nxc3 Rxc3 31. dxe5 Ne3+ 32. Ke2 Ng4 33. Bxa7
Rc2+ 34. Kf1 Nxe5 35. Ke1 Rxa2 36. Kf1 Rxa7 37. g4 Nxg4 38. g3 d4 39. Ke2 Ra3
40. Kd2 d3 41. Kd1 Ra2 42. Ke1 Ne3 43. g4 Ra1+ 44. Kd2 Nxg4 45. Kxd3 b5 46. Kc3
h5 47. Kb2 Ra8 {White resigns} 0-1

[Event "Team 45 45 League T51"]
[Site "Internet Chess Club"]
[Date "2011.12.11"]
[Round "5"]
[White "houseofcook"]
[Black "IanT"]
[Result "0-1"]
[WhiteElo "1432"]
[BlackElo "1424"]
[Opening "Scotch gambit"]
[ECO "C44"]
[Time "07:00:49"]
[TimeControl "2700+45"]

1. e4 e5 2. Nf3 Nc6 3. d4 exd4 4. Bc4 Bc5 5. c3 dxc3 6. Bxf7+ Kxf7 7. Qd5+ Ke8
8. Qxc5 d6 9. Qxc3 Qf6 10. Qc2 Bg4 11. Nbd2 Nge7 12. h3 Be6 13. a3 Rf8 14. Rb1
Kf7 15. b4 Kg8 16. Bb2 Qh6 17. Qc3 Rac8 18. O-O Ng6 19. Rfe1 Nf4 20. Nf1 Rf7 21.
Ng3 Bxh3 22. Nf5 Bxf5 23. exf5 Rxf5 24. Nh2 Rg5 25. g3 Nh3+ 26. Kg2 Rf8 27. Re2
Nf4+ 28. Kf1 Nxe2 29. Kxe2 Qxh2 30. Qc4+ Kh8 31. Bxg7+ Rxg7 32. Rf1 Re7+ 33. Kd1
Qh5+ 34. f3 Rxf3 35. Rxf3 Qxf3+ {White resigns} 0-1

[Event "Team 45 45 League T51"]
[Site "Internet Chess Club"]
[Date "2011.12.09"]
[Round "5"]
[White "lawth3"]
[Black "dabodhi"]
[Result "1-0"]
[WhiteElo "1202"]
[BlackElo "1195"]
[Opening "QGD: Marshall defense"]
[ECO "A50"]
[Time "20:00:34"]
[TimeControl "2700+45"]

1. d4 Nf6 2. c4 d5 3. Nf3 e6 4. Bf4 Bb4+ 5. Nc3 Ne4 6. Rc1 c5 7. a3 Bxc3+ 8.
bxc3 Qa5 9. Qb3 Qb6 10. Qc2 Nc6 11. cxd5 exd5 12. e3 Na5 13. Rb1 Qd8 14. Bd3 Qe7
15. Qa4+ Nc6 16. Ne5 Nxc3 17. Nxc6 bxc6 18. Qxc6+ Kd8 19. Qxa8 Nxb1 20. Qxd5+
Bd7 21. Bxb1 cxd4 22. Qxd4 Qxa3 23. O-O f6 24. Bf5 Ke7 25. Qxd7+ {Black resigns}
1-0

[Event "Team 45 45 League T51"]
[Site "Internet Chess Club"]
[Date "2011.12.11"]
[Round "5"]
[White "bhandelman"]
[Black "Macovitski"]
[Result "1-0"]
[WhiteElo "1197"]
[BlackElo "1075"]
[Opening "Scandinavian (center counter) defense"]
[ECO "B01"]
[Time "10:02:22"]
[TimeControl "2700+45"]

1. e4 d5 2. e5 c5 3. d4 c4 4. Nc3 Bf5 5. Nf3 Nc6 6. b3 cxb3 7. axb3 e6 8. Bd3
Bxd3 9. Qxd3 Bb4 10. Bd2 Nge7 11. O-O Rc8 12. Nb5 Bxd2 13. Nd6+ Kf8 14. Nxc8 Bb4
15. Nxa7 Na5 16. Qb5 Nec6 17. Nxc6 Nxc6 18. Qxb7 Bc3 19. Ra8 {Black resigns} 1-0

[Event "Team 45 45 League T51"]
[Site "Internet Chess Club"]
[Date "2011.12.09"]
[Round "5"]
[White "Just-Jim"]
[Black "medsurg"]
[Result "1-0"]
[WhiteElo "1320"]
[BlackElo "1373"]
[Opening "Center game"]
[ECO "C22"]
[Time "18:00:34"]
[TimeControl "2700+45"]

1. e4 e5 2. d4 exd4 3. Qxd4 Nc6 4. Qd1 d6 5. Nc3 Nf6 6. h3 Be7 7. Bb5 Bd7 8. Nf3
a6 9. Bc4 O-O 10. a3 b5 11. Ba2 Ne5 12. O-O c5 13. Bd5 Rb8 14. Bf4 Qc7 15. Bxe5
dxe5 16. Qd2 Rbd8 17. Qg5 Be6 18. Qxe5 Qxe5 19. Nxe5 Bxd5 20. exd5 Rd6 21. Rad1
b4 22. Nc6 bxc3 23. Nxe7+ Kh8 24. bxc3 Ne4 25. c4 Re8 26. Nf5 Rf6 27. Ng3 Nd6
28. Rde1 h6 29. Rxe8+ Nxe8 30. Re1 Nd6 31. Ne4 Nxe4 32. Rxe4 g6 33. Re8+ Kg7 34.
Rc8 Rd6 35. Rxc5 Kf8 36. Rc6 Ke7 37. Rc7+ Kf6 38. f3 {Black resigns} 1-0